 Dungeon Crawl Stone Soup version 0.28.0-1-gb440e238dd (webtiles) character file.

Game seed: 1454561812938821960

56 mcwallace the Firebug (level 3, -1/26 HPs)
             Began as a Demonspawn Fire Elementalist on Feb 21, 2022.
             Slain by an adder (2 damage)
             ... on level 2 of the Dungeon.
             The game lasted 00:03:36 (1868 turns).

mcwallace the Firebug (DsFE)                        Turns: 1868, Time: 00:03:37

Health: -1/26      AC:  3    Str:  8    XL:     3   Next: 69%
Magic:  2/6        EV: 12    Int: 18    God:
Gold:   81         SH:  0    Dex: 13    Spells: 3/6 levels left

rFire   . . .      SeeInvis .   b - +0 quarterstaff {staff}
rCold   . . .      Faith    .   (shield currently unavailable)
rNeg    . . .      Spirit   .   a - +0 robe
rPois   .          Reflect  .   (helmet restricted)
rElec   .          Harm     .   (no cloak)
rCorr   .          Rampage  .   j - +0 pair of gloves
Will    .....                   (no boots)
Stlth   ++........              (no amulet)
HPRegen 0.08/turn               k - ring of wizardry
MPRegen 0.10/turn               (no ring)

@: lethally poisoned (-1 -> -6)
A: antennae 1
a: no special abilities


You were on level 2 of the Dungeon.
You visited 1 branch of the dungeon, and saw 2 of its levels.

You collected 81 gold pieces.


Innate Abilities, Weirdness & Mutations

You have a pair of small antennae on your head.


   Skills:
 + Level 1.2 Fighting
 + Level 2.3 Dodging
 - Level 1.7 Stealth
 + Level 2.3 Spellcasting
 + Level 1.7 Conjurations
 + Level 3.1 Fire Magic


You had 3 spell levels left.
You knew the following spells:

 Your Spells              Type           Power      Damage    Failure   Level
a - Foxfire               Conj/Fire      40%        2x1d6     2%          1
b - Scorch                Fire           26%        2d6       3%          2

Your spell library contained the following spells:

 Spells                   Type           Power      Damage    Failure   Level
 Conjure Flame            Conj/Fire      10%        6-21      8%          3
 Inner Flame              Hex/Fire       7%         N/A       12%         3
 Flame Wave               Conj/Fire      10%        2d5       26%         4

Inventory:

Hand Weapons
 b - a +0 quarterstaff (weapon) {staff}
   (You found it on level 1 of the Dungeon)
 d - a +0 club {mace}
   (You took it off a goblin on level 1 of the Dungeon)
 e - a +0 dagger {short}
   (You took it off a goblin on level 1 of the Dungeon)
Missiles
 c - 24 arrows
 g - 57 stones {throwing}
 l - 27 sling bullets
 m - 17 bolts
Armour
 a - a +0 robe (worn)
 i - a +0 kite shield
   (You found it on level 1 of the Dungeon)
 j - a +0 pair of gloves (worn)
   (You found it on level 1 of the Dungeon)
Jewellery
 k - a ring of wizardry (left hand)
   (You found it on level 1 of the Dungeon)
Scrolls
 f - a scroll of holy word {!r}
 h - a scroll of magic mapping {unknown}
 n - a scroll of identify {unknown}
 o - a scroll of enchant armour {unknown}
 p - a scroll of torment {unknown}

Dungeon Overview and Level Annotations

Branches:
Dungeon (2/15)

Altars:

.#.....#######. ##.....##
.#....## # #.......# . ......# .
#.......# .. ......## #. #....โ€
..####... )......# #.###.(โ€ โ€
.#.....# .รท.....######
#...##.[.##.....# #............
.......S.).....#
.........#.########.#####......#
###.............@S.............#
............#########....###.###
###...#..###.. ....###.# #
###.....#...P.P.#.... .#.#
.......##.......#PPP. .. #..
#(....#...P.....#P..P .. #.#
..###.#...P.P.P._...P..P .# ###
#.#P.P......#.P....P . #
#..##.P.P...#


You could see an adder.


Message History

๐Ÿ˜• MP[-1]
You lost 1 mp, and now have 3/6 mp.
You conjure some foxfire!
The foxfire hits the adder.
The foxfire hits the jackal.
The adder bites you. The jackal misses you.
The jackal barely misses you. ๐Ÿ˜• MP[-1]
You lost 1 mp, and now have 2/6 mp.
You conjure some foxfire!
The foxfire hits the jackal.
You kill the jackal!
The foxfire hits the jackal.
The adder bites you.
The jackal closely misses you. x2; The adder bites you.
The jackal closely misses you. ๐Ÿ˜ฎ HP[-3] MP[-1]
You take 3 damage, and now have 19/26 hp.
You lost 1 mp, and now have 1/6 mp.
You are too injured to fight recklessly!
You are too injured to fight recklessly!
You are too injured to fight recklessly!
You are too injured to fight recklessly!
The foxfire hits the adder. x2; The jackal closely misses you.
The jackal bites you.
The jackal bites you but does no damage.
You see here a jackal corpse. ๐Ÿ˜ฎ HP[-2]
You take 2 damage, and now have 17/26 hp.
The jackal barely misses you.
An adder comes into view.
A goblin comes into view. It is wielding a +0 club.
The jackal closely misses you.
The jackal bites you but does no damage.
The adder barely misses you.
You are too injured to fight recklessly!
Casting: Foxfire (safe; 2% risk of failure)
Confirm with . or Enter, or press ? or * to list all spells.
You conjure some foxfire!
The goblin shouts!
The jackal bites you. The jackal closely misses you.
The adder bites you but does no damage. ๐Ÿ˜ฎ HP[-1] MP[-1]
You take 1 damage, and now have 16/26 hp.
You lost 1 mp, and now have 0/6 mp.
You miss the adder.
The foxfire hits the jackal.
You kill the jackal!
The foxfire hits the jackal.
You kill the jackal!
The adder bites you.
The adder bites you but does no damage. ๐Ÿ˜ฎ HP[-2] MP[+1]
You take 2 damage, and now have 14/26 hp.
You closely miss the adder. The adder bites you.
* * * LOW HITPOINT WARNING * * *
The adder bites you but does no damage. The adder bites you.
* * * LOW HITPOINT WARNING * * *
๐Ÿ˜จ HP[-5]
You take 5 damage, and now have 9/26 hp.
The adder barely misses you.
You sock the goblin!
You kill the goblin!
The adder barely misses you. x2; The adder bites you but does no damage.
The adder barely misses you. ๐Ÿ˜จ HP[+1]
Casting: Foxfire (safe; 2% risk of failure)
Confirm with . or Enter, or press ? or * to list all spells.
You conjure some foxfire!
The adder completely misses you. The adder bites you.
* * * LOW HITPOINT WARNING * * *
๐Ÿ˜จ HP[-2] MP[-1]
You take 2 damage, and now have 8/26 hp.
You lost 1 mp, and now have 0/6 mp.
The foxfire hits the adder.
The adder closely misses you. ๐Ÿ˜จ MP[+1]
The adder bites you.
* * * LOW HITPOINT WARNING * * *
๐Ÿ˜ฑ HP[-4]
You take 4 damage, and now have 4/26 hp.
The adder misses you.
You barely miss the adder. The adder closely misses you.
You closely miss the adder. The adder closely misses you. x2
You barely miss the adder. The adder bites you but does no damage.
The adder misses you. ๐Ÿ˜ฑ HP[+1]
You completely miss the adder.
The adder bites you but does no damage. ๐Ÿ˜ฑ MP[+1]
You hit the adder.
You kill the adder!
The adder bites you but does no damage.
You hit the adder. The adder bites you but does no damage.
The adder barely misses you.
You barely miss the adder. The adder closely misses you.
You closely miss the adder. The adder barely misses you. The adder bites you.
* * * LOW HITPOINT WARNING * * *
You are lethally poisoned!
The adder poisons you! ๐Ÿ˜ฑ HP[-2]
You take 2 damage, and now have 3/26 hp.
You aren't carrying any potions.
There is a lethal amount of poison in your body!
As you read the scroll labelled DAJORH UNONU, it crumbles to dust.
You speak a Word of immense power!
It was a scroll of holy word.
* * * LOW HITPOINT WARNING * * *
You feel sick. The adder bites you.
You die...

Skill      XL: |  1  2 |
---------------+-------+-----
Dodging        | 2 |  2.3
Fighting       | 1 |  1.2
Fire Magic     | 3 |  3.1
Stealth        | |  1.7
Spellcasting   | |  2.3
Conjurations   | |  1.7

Action                   || total
-------------------------++-------
Melee: Quarterstaff      ||    37
 Cast: Foxfire           ||    69
  Use: Scroll            ||     1
Armor: Robe              ||    19
Dodge: Dodged            ||    65

Levels and vault maps discovered:
D:1:      minmay_arrival_doors, layout_loops_ring
D:2:      layout_rooms, shapermc_ecumenical_altar_gd

Notes
Turn   | Place    | Note
-------+----------+-------------------------------------------
     0 | D:1      | mcwallace the Demonspawn Fire Elementalist began the quest
                  | for the Orb.
     0 | D:1      | Reached XP level 1. HP: 13/13 MP: 3/3
     0 | D:1      | magus.rc [v1.9.6]
   161 | D:1      | Gained mutation: You have a pair of small antennae on your
                  | head. [demonic ancestry]
   161 | D:1      | Reached XP level 2. HP: 20/20 MP: 1/5
   170 | D:1      | Reached skill level 2 in Dodging
   748 | D:1      | Reached skill level 1 in Fighting
   828 | D:1      | Reached skill level 3 in Fire Magic
   828 | D:1      | Reached XP level 3. HP: 26/26 MP: 1/6
  1577 | D:2      | Learned a level 2 spell: Scorch
  1706 | D:2      | Found a faded altar of an unknown god.
  1857 | D:2      | HP: 4/26 [adder (4)]
  1867 | D:2      | HP: 3/26 [adder (2)]
  1868 | D:2      | HP: 1/26 [poisoned by an adder]
  1868 | D:2      | Slain by an adder

Vanquished Creatures
  An adder (D:2)
  3 ball pythons (D:1)
  2 endoplasms
  2 giant cockroaches (D:1)
  8 goblins
  6 hobgoblins (D:1)
  6 jackals
  A quokka (D:1)
  2 bats
  2 frilled lizards (D:2)
  3 kobolds
  6 rats
42 creatures vanquished.

Vanquished Creatures (others)
  111 foxfires
  2 fungi (D:2)
  A plant (D:2)
114 creatures vanquished.

Grand Total: 156 creatures vanquished

Table legend:
 A = Non-vault XP
 B = Vault XP
 C = Vault XP percentage of total XP
 D = Non-vault monster count
 E = Vault monster count
 F = Vault count percentage of total count
                 A         B        C        D         E       F
            +---------+---------+-------+---------+---------+-------
      Total |      80 |       0 |   0.0 |      42 |       0 |   0.0
            +---------+---------+-------+---------+---------+-------
        D:1 |      49 |       0 |   0.0 |      30 |       0 |   0.0
        D:2 |      31 |       0 |   0.0 |      12 |       0 |   0.0
            +---------+---------+-------+---------+---------+-------

Illustrated notes

Table legend:
 A = Kills in this place as a percentage of kills in entire the game.
 B = Kills by you in this place as a percentage of kills by you in the entire game.
 C = Kills by friends in this place as a percentage of kills by friends in the entire game.
 D = Other kills in this place as a percentage of other kills in the entire game.
 E = Experience gained in this place as a percentage of experience gained in the entire game.
 F = Experience gained in this place divided by the number of levels of this place that you have seen.
                   A       B       C       D       E      F
               +-------+-------+-------+-------+-------+----------------------
         Total | 100.0 | 100.0 |   N/A |   N/A | 100.0 |  40.0
       Dungeon | 100.0 | 100.0 |   N/A |   N/A | 100.0 |  40.0
               +-------+-------+-------+-------+-------+----------------------

Table legend: (Time is in decaauts)
 A = Elapsed time spent in this place.
 B = Non-inter-level travel time spent in this place.
 C = Inter-level travel time spent in this place.
 D = Time resting spent in this place.
 E = Time spent auto-exploring this place.
 F = Levels seen in this place.
 G = Mean time per level.
                   A        B        C        D        E       F      G
               +--------+--------+--------+--------+--------+-----+--------+
         Total |   1877 |   1830 |     47 |      0 |   1524 |   2 |  938.5 |
       Dungeon |   1877 |   1830 |     47 |      0 |   1524 |   2 |  938.5 |
               +--------+--------+--------+--------+--------+-----+--------+

Top non-repeatable levels by time:
     D:1: 1548 daAuts
     D:2: 329 daAuts
